 Dungeon Crawl Stone Soup version 0.28-a0-969-g2dcde03 (webtiles) character file.

Game seed: 5398394930355059921

6346 HDogLeCool the Basher (level 10, -1/65 HPs)
             Began as a Gargoyle Monk on Nov 30, 2021.
             Was a High Priest of Nemelex Xobeh.
             Killed by divine providence
             ... invoked by an orc priest
              (14 damage)
             ... on level 9 of the Dungeon on Dec 1, 2021.
             The game lasted 00:31:21 (12974 turns).

HDogLeCool the Basher (Gargoyle Monk)              Turns: 12974, Time: 00:31:21

Health: -1/65      AC: 16    Str: 21    XL:     10   Next: 96%
Magic:  14/14      EV:  9    Int: 10    God:    Nemelex Xobeh [*****.]
Gold:   267        SH: 11    Dex: 12    Spells: 9/9 levels left

rFire   . . .      SeeInvis .   B - +0 morningstar
rCold   . . .      Faith    .   z - +0 kite shield
rNeg    + . .      Spirit   .   o - +0 scale mail of a sewer {+Blink Str+2 Stlth+}
rPois   ∞          Reflect  .   e - +2 hat
rElec   +          Harm     .   (no cloak)
rCorr   +          Rampage  .   (no gloves)
Will    .....                   i - +0 pair of boots
Stlth   ++........              d - amulet of the acrobat
HPRegen 0.20/turn               k - ring of resist corrosion
MPRegen 0.14/turn               (no ring)

@: no status effects
A: sickness immunity, AC +7, negative energy resistance 1, electricity
resistance, torment resistance 1, petrification resistance
a: Renounce Religion, Evoke Blink, Draw Escape, Draw Destruction, Draw
Summoning, Triple Draw, Deal Four, Stack Five


You were on level 9 of the Dungeon.
You worshipped Nemelex Xobeh.
Nemelex Xobeh was extremely pleased with you.
You visited 3 branches of the dungeon, and saw 12 of its levels.
You also visited: Sewer.

You collected 456 gold pieces.
You spent 189 gold pieces at shops.

Inventory:

Hand Weapons
 a - a +0 mace
 b - a +0 hunting sling
 B - a +0 morningstar (weapon)
Missiles
 m - 399 stones (quivered)
 v - 44 poisoned darts
Armour
 e - a +2 hat (worn)
 g - a +0 robe
 i - a +0 pair of boots (worn)
 n - a +0 leather armour
 o - the +0 scale mail of a sewer (worn) {+Blink Str+2 Stlth+}
   (You bought it in a shop on level 6 of the Dungeon)

   Str:       It affects your strength (+2).
   +Blink:    It lets you blink.
   Stlth:     It makes you more stealthy.
 u - a +0 chain mail
 z - a +0 kite shield (worn)
Jewellery
 c - an amulet of magic regeneration
 d - an amulet of the acrobat (around neck)
 f - a ring of ice
 k - a ring of resist corrosion (left hand)
 E - a ring of ice
Wands
 A - a wand of iceblast (6)
Scrolls
 h - 2 scrolls of enchant armour
 l - a scroll of fog
 t - a scroll of teleportation
 y - a scroll of vulnerability
Potions
 j - 2 potions of might
 p - a potion of cancellation
 q - 4 potions of flight
 r - 2 potions of lignification
 s - 2 potions of berserk rage
 w - a potion of heal wounds
 x - 4 potions of curing
 C - 2 potions of mutation
 D - a potion of magic
 G - a potion of brilliance


   Skills:
 + Level 8.6 Fighting
 * Level 10.0 Maces & Flails
 - Level 2.4 Armour
 - Level 2.4 Dodging
 - Level 2.1 Stealth
 * Level 9.5 Shields
 + Level 6.6 Invocations


You had 9 spell levels left.
You didn't know any spells.
Your spell library contained the following spells:

 Spells                   Type           Power      Damage    Failure   Level
 Magic Dart               Conj           0%         1d3       91%         1
 Sting                    Tmut/Pois      0%         1d3       91%         1
 Call Imp                 Summ           0%         N/A       97%         2
 Ensorcelled Hibernation  Hex/Ice        0%         N/A       97%         2
 Poisonous Vapours        Pois/Air       0%         N/A       97%         2
 Mephitic Cloud           Conj/Pois/Air  0%         N/A       99%         3
 Tukima's Dance           Hex            0%         N/A       99%         3
 Animate Dead             Necr           0%         N/A       100%        4
 Olgreb's Toxic Radiance  Pois           0%         N/A       100%        4
 Borgnjor's Vile Clutch   Necr/Erth      0%         N/A       100%        5
 Fireball                 Conj/Fire      0%         3d3       100%        5
 Iskenderun's Battlesphe  Conj           0%         2d6       100%        5
 Conjure Ball Lightning   Conj/Air       0%         3x3d6     100%        6
 Death Channel            Necr           0%         N/A       100%        6
 Orb of Destruction       Conj           0%         N/A       100%        7


Dungeon Overview and Level Annotations

Branches:
Dungeon (10/15)            Temple (1/1) D:6             Orc (1/2) D:9
  Sewer (visited)
   Lair: D:8-11

Altars:
Ashenzari
Cheibriados
Dithmenos
Elyvilon
Fedhas
Gozag
Hepliaklqana
Kikubaaqudgha
Makhleb
Nemelex Xobeh
Okawaru
Qazlal
Ru
Sif Muna
Trog
Uskayaw
Vehumet
Wu Jian
Xom
Yredelemnul
Zin
The Shining One

Shops:
D:6 :[   D:7 *

Annotations:
D:3 2 runed translucent doors, Caerwyn's ghost, amateur KoEn


Innate Abilities, Weirdness & Mutations

You are immune to sickness and miasma.
Your stone body is resilient. (AC +7)
You are immune to poison.
You resist negative energy. (rN+)
You are resistant to electric shocks. (rElec)
You are resistant to unholy torment.
You are immune to petrification.


Message History

The orc wizard mumbles some strange words.
The orc wizard flickers and vanishes!
Deactivating autopickup; reactivate with Ctrl-A.
A troll comes into view.
The orc priest looks braver for a moment.
The orc warrior hits you with a +0 mace.
The orc priest looks satisfied for a moment.
There is a staircase back to the Dungeon here.
The orc priest calls upon Beogh to heal the orc warrior.
The orc warrior is healed somewhat.
The orc warrior barely misses you.
You climb upwards.
Welcome back to the Dungeon!
Reactivating autopickup.
There is a staircase to the Orcish Mines here.
The orc warrior completely misses you.
Items here: ))) [ ††.
You hit the orc priest.
The orc priest is moderately wounded.
The orc priest barely misses you.
You puncture the orc priest!
The orc priest is almost dead.
You puncture the orc warrior!
The orc warrior is heavily wounded.
The orc warrior barely misses you.
You hit the orc warrior.
The orc warrior is heavily wounded.
The orc priest calls upon Beogh to heal the orc warrior.
The orc warrior is healed somewhat.
You block the orc warrior's attack.
You hit the orc warrior.
The orc warrior is heavily wounded.
The orc warrior hits you with a +0 mace!
You hit the orc warrior.
The orc warrior is heavily wounded.
The orc priest mumbles some strange prayers to Beogh against you.
Beogh smites you!
* * * LOW HITPOINT WARNING * * *
The orc warrior hits you but does no damage.
The orc priest invokes the aid of Beogh against you.
Beogh smites you!
You die...
Your body disappears without a glow.

##.##.###...#..#..# #.......###.#
.###.#.#...#..##.####.#.........#
...#......##.#.#.#.##.#.#########
#..#..##.>.#..#.##.##.#.#
......#.#[..(##.#..##.#.#
##.....##.#..#.#...##.#.#
...#..###......#.#..()#.#
.#.##.#.####...##...#.#.#
..###....# #..oo@.###.#.#
##.####### ######## #...#
#.####### ###### #####
#.#.....### #..#.# ..........#
#.#.## #.........# #.###
...)......# #.# .......#### #.#
...#...# #.#


You could see an orc warrior and an orc priest.

Vanquished Creatures
  2 two-headed ogres (D:9)
  An ugly thing (D:9)
  A troll (D:9)
  A slime creature (D:6)
  A shadow (D:9)
  A wraith (D:9)
  3 yaks (D:9)
  A fire bat (D:4)
  A wyvern (D:9)
  An acid dragon (D:8)
  Duvessa (D:6)
  An orc warrior (D:9)
  A black bear (D:7)
  An ice beast (D:5)
  2 necrophages
  3 ogres
  2 centaurs (D:9)
  3 phantoms
  4 lemures
  A kobold brigand (Sewer)
  3 bullfrogs
  A gnoll sergeant (D:9)
  5 scorpions
  Dowan (D:6)
  5 wights (D:9)
  A lava snake (D:10)
  A bullfrog zombie (D:6)
  A centaur zombie (D:8)
  3 orc priests
  A hound (D:7)
  11 jellies
  A centaur skeleton (D:7)
  An iguana (D:4)
  A gnoll shaman (D:9)
  3 orc wizards
  A killer bee zombie (D:6)
  6 ogre zombies (D:9)
  A hound skeleton (D:4)
  19 gnolls
  3 adders
  A river rat (Sewer)
  An adder skeleton (D:4)
  2 worms
  3 dart slugs
  15 orcs
  13 endoplasms
  3 giant cockroaches
  10 goblins
  6 hobgoblins
  2 jackals (Sewer)
  3 quokkas
  13 ball pythons
  3 bats (D:3)
  2 frilled lizards
  A goblin skeleton (D:9)
  4 goblin zombies (D:9)
  2 hobgoblin skeletons (D:9)
  3 hobgoblin zombies (D:9)
  8 kobolds
  9 orc zombies (D:9)
  9 rats
214 creatures vanquished.

Vanquished Creatures (others)
  10 fungi (D:6)
  A plant (D:1)
11 creatures vanquished.

Grand Total: 225 creatures vanquished

Notes
Turn   | Place    | Note
-------+----------+-------------------------------------------
     0 | D:1      | HDogLeCool the Gargoyle Monk began the quest for the Orb.
     0 | D:1      | Reached XP level 1. HP: 14/14 MP: 1/1
   631 | D:1      | Reached XP level 2. HP: 15/19 MP: 2/2
  1081 | D:1      | Reached skill level 1 in Armour
  1271 | D:1      | Reached XP level 3. HP: 24/24 MP: 3/3
  1994 | D:2      | Found a sparkling altar of Nemelex Xobeh.
  2285 | D:2      | Became a worshipper of Nemelex Xobeh the Trickster
  2285 | D:2      | Reached * piety under Nemelex Xobeh
  2285 | D:2      | Received a gift from Nemelex Xobeh
  2285 | D:2      | Reached ** piety under Nemelex Xobeh
  2586 | D:2      | Reached XP level 4. HP: 20/29 MP: 4/4
  2760 | D:3      | Received a gift from Nemelex Xobeh
  2763 | D:3      | Found a glowing golden altar of the Shining One.
  2786 | D:3      | HP: 1/29 [gnoll (11)]
  2933 | D:3      | Found a faded altar of an unknown god.
  3065 | D:3      | Reached skill level 4 in Maces & Flails
  3108 | D:3      | Found a glowing drain.
  3116 | Sewer    | Entered a sewer
  3182 | Sewer    | Noticed a kobold brigand
  3208 | Sewer    | Killed a kobold brigand
  3209 | Sewer    | Reached XP level 5. HP: 34/34 MP: 5/5
  3240 | Sewer    | Reached skill level 5 in Fighting
  3352 | Sewer    | Found a white marble altar of Elyvilon.
  3566 | D:3      | Found a runed translucent door.
  3647 | D:3      | Noticed Caerwyn's ghost (amateur KoEn)
  3686 | D:3      | Found a runed translucent door.
  4077 | D:4      | Reached XP level 6. HP: 9/40 MP: 6/6
  4446 | D:3      | Reached skill level 1 in Shields
  4690 | D:4      | Reached *** piety under Nemelex Xobeh
  4723 | D:4      | Noticed Pikel
  5569 | D:4      | Noticed Pikel
  5569 | D:4      | Pikel changed into Pikel the fire bat
  5585 | D:4      | Killed Pikel the fire bat
  5586 | D:4      | Reached skill level 5 in Maces & Flails
  5586 | D:4      | Reached skill level 1 in Invocations
  5586 | D:4      | Reached XP level 7. HP: 30/44 MP: 6/8
  5730 | D:5      | Entered Level 5 of the Dungeon
  5730 | D:5      | Received a gift from Nemelex Xobeh
  6752 | D:6      | Received a gift from Nemelex Xobeh
  6810 | D:6      | Found Heal's Antique Armour Shoppe.
  6819 | D:6      | Reached skill level 6 in Maces & Flails
  6820 | D:6      | Reached XP level 8. HP: 51/51 MP: 8/10
  6958 | D:6      | Bought a heavily runed scale mail for 189 gold pieces
  6958 | D:6      | Identified the +0 scale mail of a sewer {+Blink Str+2
                  | Stlth+} (You bought it in a shop on level 6 of the Dungeon)
  7004 | D:6      | Found Jaownain's Book Emporium.
  7080 | D:6      | Reached **** piety under Nemelex Xobeh
  7173 | D:6      | Received a gift from Nemelex Xobeh
  7189 | D:6      | Found a staircase to the Ecumenical Temple.
  7281 | D:6      | Noticed Duvessa
  7281 | D:6      | Noticed Dowan
  7285 | D:6      | Killed Dowan
  7308 | D:6      | Killed Duvessa
  7309 | D:6      | Reached skill level 5 in Shields
  7600 | D:6      | Noticed a slime creature
  7941 | D:6      | Reached skill level 7 in Maces & Flails
  7945 | D:6      | Killed a slime creature
  7946 | D:6      | Reached XP level 9. HP: 29/56 MP: 11/11
  8454 | Temple   | Entered the Ecumenical Temple
  9071 | D:7      | Received a gift from Nemelex Xobeh
  9234 | D:7      | Received a gift from Nemelex Xobeh
  9318 | D:7      | Found Winygeag's Fire Supplies.
 10044 | D:8      | Reached skill level 8 in Maces & Flails
 10120 | D:8      | Received a gift from Nemelex Xobeh
 10306 | D:9      | Noticed a troll
 10324 | D:9      | Killed a troll
 10346 | D:9      | Reached skill level 5 in Invocations
 10576 | D:9      | Reached ***** piety under Nemelex Xobeh
 10578 | D:9      | Noticed a red ugly thing
 10586 | D:9      | Killed a red ugly thing
 10587 | D:9      | Reached XP level 10. HP: 42/64 MP: 12/14
 10801 | D:9      | Noticed a two-headed ogre
 10813 | D:9      | Killed a two-headed ogre
 10814 | D:9      | Reached skill level 9 in Maces & Flails
 10897 | D:9      | Noticed a two-headed ogre
 10900 | D:9      | Killed a two-headed ogre
 11000 | D:9      | Found a staircase to the Orcish Mines.
 12270 | D:10     | Entered Level 10 of the Dungeon
 12358 | Orc:1    | Entered Level 1 of the Orcish Mines
 12450 | D:9      | Upgraded the game from 0.28-a0-948-gee6e0bc to
                  | 0.28-a0-969-g2dcde03
 12612 | D:10     | Noticed a kobold demonologist
 12631 | D:10     | Noticed an orange demon
 12806 | D:9      | Reached skill level 10 in Maces & Flails
 12974 | D:9      | Killed from afar by an orc priest

Illustrated notes

Levels and vault maps discovered:
D:1:      scummos_arrival_gate, layout_loops_corners, serial_bayou_pond_c
D:2:      layout_loops_ring, basic_altar, kennysheep_path_1
D:3:      layout_basic, mainiacjoe_overflow_tiny_flanked,
          ebering_ecumenical_altar_sacrificial, ebering_ghost_sewer_f,
          cheibrodos_sewer_entry_drain
D:4:      layout_rooms, uniq_pikel
D:5:      layout_layer_cave, serial_glass, glass_columns_a, glass_columns_b,
          glass_columns_a, glass_columns_a, glass_columns_b, glass_columns_b,
          glass_columns_b, glass_columns_a
D:6:      lemuel_slime, layout_basic, minmay_temple_entry_slanted, serial_shops,
          nicolae_stop_n_shop_1, nicolae_inconvenience_store, uniq_duvessa
D:7:      layout_gridville, kennysheep_cluttered_room, nicolae_shop_fire_sale
          [nicolae_sub_dead_trees]
D:8:      layout_rooms, roderic_cross_of_infinity
D:9:      layout_loops_ring, zombieorc1_lemuel
D:10:     layout_big_octagon, lair_entry_dummy, serial_shops,
          nicolae_shop_temple_entry_statues_fountains, grunt_decor_arrowhead
Temple:   regret_index_temple_sigil_plot
Orc:1:    layout_caves, uniq_jorgrun, uniq_erolcha

Skill      XL: |  1  2  3  4  5  6  7  8  9 10 |
---------------+-------------------------------+-----
Armour         | 1 2 |  2.4
Fighting       | 4 5 6 7 8 |  8.6
Maces & Flails | 4 5 6 7 8 10 | 10.0
Shields        | 2 4 5 7 9 |  9.5
Invocations    | 1 2 3 5 6 |  6.6
Dodging        | |  2.4
Stealth        | |  2.1

Action                   |  1- 3 |  4- 6 |  7- 9 | 10-12 || total
-------------------------+-------+-------+-------+-------++-------
Melee: Mace              |   103 |   147 |       |       ||   250
       Morningstar       |       |    69 |   228 |   246 ||   543
Throw: Stone             |       |       |     3 |       ||     3
Invok: Draw Destruction  |       |     9 |    23 |     6 ||    38
       Draw Escape       |       |       |     1 |     1 ||     2
       Draw Summoning    |       |       |       |     2 ||     2
  Use: Scroll            |       |       |    13 |     4 ||    17
       Potion            |       |       |     2 |       ||     2
 Stab: Sleeping          |     5 |     1 |     1 |       ||     7
       Distracted        |       |       |     1 |       ||     1
Armor: Robe              |    14 |       |       |       ||    14
       Leather armour    |    12 |    87 |    18 |       ||   117
       Scale mail        |       |       |    84 |    90 ||   174
Dodge: Dodged            |    69 |   165 |    81 |    80 ||   395
Block: Kite shield       |       |    52 |   134 |   107 ||   293

Table legend: (Time is in decaauts)
 A = Elapsed time spent in this place.
 B = Non-inter-level travel time spent in this place.
 C = Inter-level travel time spent in this place.
 D = Time resting spent in this place.
 E = Time spent auto-exploring this place.
 F = Levels seen in this place.
 G = Mean time per level.
                   A        B        C        D        E       F      G
               +--------+--------+--------+--------+--------+-----+--------+
         Total |  13259 |  12631 |    628 |   3432 |   6356 |  13 | 1019.9 |
       Dungeon |  12622 |  12012 |    610 |   3341 |   5980 |  10 | 1262.2 |
        Temple |    287 |    269 |     18 |      0 |    251 |   1 |  287.0 |
  Orcish Mines |     19 |     19 |      0 |      0 |      0 |   1 |   19.0 |
         Sewer |    330 |    330 |      0 |     91 |    125 |   1 |  330.0 |
               +--------+--------+--------+--------+--------+-----+--------+

Top non-repeatable levels by time:
     D:9: 2274 daAuts
     D:6: 1828 daAuts
     D:3: 1809 daAuts
     D:1: 1740 daAuts
     D:2: 1087 daAuts
     D:5: 1036 daAuts
     D:4: 923 daAuts
     D:8: 890 daAuts
     D:7: 862 daAuts
   Sewer: 330 daAuts
  Temple: 287 daAuts
    D:10: 168 daAuts
   Orc:1: 19 daAuts
